AoeStats
← ccereal

Lombardia

510127306Analyzed
2v2 RM · 3d ago on Sep 29, 2026· 16m 5s· 4 players
Game mode
Random Map
Map size
Medium (4 player)
Population
200
Speed
Normal
Resources
Standard
Victory
Conquest
Starting age
Dark Age
Ending age
Imperial Age
RankedLock teamsTeams togetherTeam positionsShared explorationLock speedFull tech treeHidden civsTurbo modeCheats
Victory
Defeat
🇫🇷 Mongols · France
1587
+10
🇫🇷 Ethiopians · France
1516
+12
🇩🇪 Wei · Germany
1443
-11
🇩🇪 Bohemians · Germany
1441
-11
ccereal
5:39 Loom
7:56 Feudal Age
8:37 Double-Bit Axe
15:29 Forging
16:30 Scale Barding Armor
Flybidi
5:58 Loom
8:43 Feudal Age
12:46 Fletching
Rageboy24
5:04 Loom
9:31 Feudal Age
11:01 Double-Bit Axe
11:54 Horse Collar
Inspektor bmdiess
7:15 Loom
9:58 Feudal Age
14:14 Fletching
14:19 Horse Collar
Connection lost

Rejoining the realm…

Still unreachable

The connection could not be restored.

Session expired

The server has moved on; the page needs a fresh start.